 Dungeon Crawl Stone Soup version 0.29-a0-91-gdebf4667c2 (webtiles) character file.

Game seed: 2655613363369309228

177 drugrobin the Poker (level 5, -1/41 HPs)
             Began as a Demigod Warper on Feb 7, 2022.
             Slain by a scorpion (2 damage)
             ... on level 4 of the Dungeon.
             The game lasted 00:07:09 (3847 turns).

drugrobin the Poker (Demigod Warper)                Turns: 3847, Time: 00:07:09

Health: -1/41      AC:  4    Str: 16    XL:     5   Next: 9%
Magic:  0/10       EV: 12    Int: 15    God:
Gold:   151        SH:  0    Dex: 13    Spells: 2/7 levels left

rFire   . . .      SeeInvis .   a - +4 dagger (venom)
rCold   . . .      Faith    .   z - orb {mayhem}
rNeg    . . .      Spirit   +   x - +0 leather armour
rPois   .          Reflect  .   (no helmet)
rElec   .          Harm     .   j - +0 cloak
rCorr   +          Rampage  .   (no gloves)
Will    .....                   (no boots)
Stlth   +.........              h - amulet of guardian spirit
HPRegen 0.13/turn               o - ring of resist corrosion
MPRegen 0.12/turn               (no ring)

@: lethally poisoned (-1 -> -7), on blink cooldown, hasted, very quick
A: high MP 1, forlorn, divine attributes
a: no special abilities


You were on level 4 of the Dungeon.
You visited 1 branch of the dungeon, and saw 4 of its levels.

You collected 151 gold pieces.

Inventory:

Hand Weapons
 a - a +4 dagger of venom (weapon)
 b - a +0 hunting sling
 B - a +0 spear
Missiles
 d - 5 boomerangs of dispersal
 i - 5 poisoned darts
 l - 65 stones
 m - 21 sling bullets
 q - 2 boomerangs (quivered)
 A - a throwing net
Armour
 j - a +0 cloak (worn)
 x - a +0 leather armour (worn)
 z - an orb of mayhem (worn)
Jewellery
 h - an amulet of guardian spirit (around neck)
 o - a ring of resist corrosion (left hand)
Scrolls
 c - a scroll of blinking
 e - a scroll of amnesia {unknown}
 g - 3 scrolls of identify {unknown}
 n - 2 scrolls of teleportation {unknown}
 p - a scroll of brand weapon {unknown}
 s - a scroll of vulnerability {unknown}
 y - a scroll of noise {unknown}
Potions
 f - a potion of haste
 k - a potion of attraction {unknown}
 r - a potion of curing {unknown}
 t - 2 potions of heal wounds {unknown}
 u - a potion of mutation {unknown}
 v - a potion of lignification {unknown}
 w - a potion of might {unknown}


   Skills:
 + Level 2.0 Fighting
 + Level 4.9 Polearms
 - Level 0.8 Throwing
 - Level 0.8 Armour
 + Level 2.0 Dodging
 - Level 1.7 Spellcasting
 - Level 2.6 Translocations


You had 2 spell levels left.
You knew the following spells:

 Your Spells              Type           Power      Damage    Failure   Level
a - Blink                 Tloc           18%        N/A       14%         2
b - Teleport Other        Tloc           9%         N/A       28%         3

Your spell library contained the following spells:

 Spells                   Type           Power      Damage    Failure   Level
 Gell's Gravitas          Tloc           9%         N/A       28%         3
 Lesser Beckoning         Tloc           9%         N/A       28%         3
 Manifold Assault         Tloc           9%         N/A       95%         5


Dungeon Overview and Level Annotations

Branches:
Dungeon (4/15)
 Temple: D:4-7


Innate Abilities, Weirdness & Mutations

You have an increased reservoir of magic. (+10% MP)
You shall have no god before yourself.
Your divine heritage dramatically boosts your attributes as you level up.


Message History

The scorpion stings the orc.
The orc dies!
The orc barely misses you.
You closely miss the orc.
The orc is almost dead.
You kill the orc!
The orc flies into a frenzy!
The scorpion stings the orc!
The orc dies!
Press: ? - help, v - describe, . - travel, g - get item
Here: a scorpion (fast, strong, frenzied and insane)
Items here: a +0 dagger; a +0 scale mail; an orc corpse.
The floor.
Casting: Blink (safe; 14% risk of failure)
Confirm with . or Enter, or press ? or * to list all spells.
You blink.
You see here a hobgoblin corpse.
You hit the scorpion.
The scorpion is moderately wounded.
The scorpion stings you!
You are poisoned.
The scorpion poisons you! The scorpion stings you.
Unknown command.
You puncture the scorpion!
The scorpion is heavily wounded.
You feel very sick. The scorpion completely misses you.
The scorpion stings you but does no damage.
Unknown command.
You barely miss the scorpion.
The scorpion is heavily wounded.
* * * LOW HITPOINT WARNING * * *
You feel very sick. The scorpion closely misses you. The scorpion stings you!
* * * LOW HITPOINT WARNING * * *
Unknown command.
Unknown command.
It was a potion of haste.
You feel yourself speed up.
* * * LOW HITPOINT WARNING * * *
You feel sick. The scorpion stings you.
You die...

.......#....#
.....o....#
.......#..#
###....#.##
####.#.# ..#.#
..#.# ...#.#
##.#@# #s# #)#
#)# #.# #.# #.#
###########.#
###...........#


You could see a neutral scorpion (fast, strong, insane).

Vanquished Creatures
  A hound (D:4)
  4 adders
  3 gnolls (D:2)
  2 worms (D:2)
  3 dart slugs (D:2)
  An orc (D:4)
  4 ball pythons
  9 bats
  5 endoplasms
  A giant cockroach (D:2)
  7 goblins
  6 hobgoblins
  3 jackals (D:1)
  8 kobolds
  2 quokkas (D:1)
  2 frilled lizards
  5 rats
66 creatures vanquished.

Vanquished Creatures (collateral kills)
  2 orcs (D:4)
2 creatures vanquished.

Vanquished Creatures (others)
  A quokka (D:2)
1 creature vanquished.

Grand Total: 69 creatures vanquished

Notes
Turn   | Place    | Note
-------+----------+-------------------------------------------
     0 | D:1      | drugrobin the Demigod Warper began the quest for the Orb.
     0 | D:1      | Reached XP level 1. HP: 17/17 MP: 5/5
    12 | D:1      | Reached skill level 2 in Polearms
   312 | D:1      | Reached XP level 2. HP: 21/24 MP: 7/7
   315 | D:1      | Learned a level 2 spell: Blink
   809 | D:1      | Reached skill level 3 in Polearms
  1510 | D:2      | Reached XP level 3. HP: 28/29 MP: 8/8
  1682 | D:2      | Learned a level 3 spell: Teleport Other
  2045 | D:2      | Reached skill level 4 in Polearms
  2102 | D:2      | Reached XP level 4. HP: 8/36 MP: 5/9
  3835 | D:4      | Reached XP level 5. HP: 24/41 MP: 6/10
  3846 | D:4      | HP: 2/41 [scorpion (8)]
  3847 | D:4      | Slain by a scorpion

Illustrated notes

Levels and vault maps discovered:
D:1:      minmay_arrival_stone_box, layout_loops_ring, hangedman_decor_points,
          hex_large, minmay_misc_feat_secret_circle, st_stairs_10,
          corexii_leaking_fountain
D:2:      layout_basic, dk_vineyard_1, kennysheep_generic_room_3
D:3:      layout_basic, gammafunk_temple_overflow_claw,
          hellmonk_ecumenical_altar_blasted
D:4:      minmay_recursive_quarters, layout_rooms, grunt_ashenzari_visionary
          [grunt_ashenzari_visionary_swamp, grunt_ashenzari_visionary_snake],
          serial_rivers, chequers_serial_rivers_large_b,
          chequers_serial_rivers_micro_a, chequers_serial_rivers_micro_c,
          chequers_serial_rivers_marsh, chequers_serial_rivers_marsh, uniq_pikel

Skill      XL: |  1  2  3  4 |
---------------+-------------+-----
Polearms       | 2 3 4 |  4.9
Fighting       | 2 |  2.0
Dodging        | 2 |  2.0
Throwing       | |  0.8
Armour         | |  0.8
Spellcasting   | |  1.7
Translocations | |  2.6

Action                   |  1- 3 |  4- 6 || total
-------------------------+-------+-------++-------
Melee: Spear             |   172 |    76 ||   248
       Punch             |     1 |       ||     1
       Dagger            |       |    23 ||    23
 Fire: Hunting sling     |       |     4 ||     4
Throw: Stone             |     7 |       ||     7
       Boomerang         |     8 |    13 ||    21
 Cast: Blink             |       |     3 ||     3
       Teleport Other    |       |     1 ||     1
  Use: Potion            |       |     1 ||     1
 Stab: Sleeping          |       |     1 ||     1
Armor: Leather armour    |    42 |    24 ||    66
Dodge: Dodged            |    98 |    45 ||   143

Table legend: (Time is in decaauts)
 A = Elapsed time spent in this place.
 B = Non-inter-level travel time spent in this place.
 C = Inter-level travel time spent in this place.
 D = Time resting spent in this place.
 E = Time spent auto-exploring this place.
 F = Levels seen in this place.
 G = Mean time per level.
                   A        B        C        D        E       F      G
               +--------+--------+--------+--------+--------+-----+--------+
         Total |   3833 |   3735 |     98 |    661 |   2368 |   4 |  958.2 |
       Dungeon |   3833 |   3735 |     98 |    661 |   2368 |   4 |  958.2 |
               +--------+--------+--------+--------+--------+-----+--------+

Top non-repeatable levels by time:
     D:1: 1450 daAuts
     D:2: 1311 daAuts
     D:3: 1009 daAuts
     D:4: 61 daAuts
